 Dungeon Crawl Stone Soup version 0.26-a0-649-gf8c6c3aab7 (webtiles) character file.

Game seed: 14975838172639204951

1201 DogServant the Fighter (level 8, -2/69 HPs)
             Began as a Formicid Fighter on Sept 27, 2020.
             Was an Initiate of Gozag.
             Slain by a gnoll
             ... wielding a cursed +0 spear
              (6 damage)
             ... on level 5 of the Dungeon.
             The game lasted 00:12:38 (5855 turns).

DogServant the Fighter (Formicid Fighter)           Turns: 5855, Time: 00:12:38

Health: -2/69      AC:  6    Str: 22    XL:     8   Next: 72%
Magic:  8/8        EV:  8    Int:  9    God:    Gozag
Gold:   308        SH:  9    Dex: 10    Spells: 7/7 levels left

rFire    . . .     SeeInvis +   A - +0 hand axe (vorpal)
rCold    + . .     Faith    .   c - +0 kite shield
rNeg     . . .     Spirit   .   b - +0 scale mail
rPois    .         Reflect  .   (helmet unavailable)
rElec    .         Harm     +   a - scarf {harm}
rCorr    .         Rampage  .   (no gloves)
MR       .....                  (no boots)
Stlth    ..........             e - amulet of magic regeneration
HPRegen  0.21/turn              u - ring of wizardry
MPRegen  0.36/turn              s - ring of protection from cold

@: mighty, brilliant
A: permanent stasis, dig shafts and tunnels, four strong arms, antennae 3
a: Dig, Shaft Self, Potion Petition, Call Merchant, Bribe Branch, Renounce
Religion


You were on level 5 of the Dungeon.
You worshipped Gozag.
Gozag was aware of your devotion.
You visited 2 branches of the dungeon, and saw 6 of its levels.

You collected 546 gold pieces.
You paid 238 gold pieces to Gozag.

Inventory:

Hand Weapons
 A - a +0 vorpal hand axe (weapon)
Armour
 a - a scarf of harm (worn)
 b - a +0 scale mail (worn)
 c - a +0 kite shield (worn)
Jewellery
 e - an amulet of magic regeneration (around neck)
 l - an uncursed ring of see invisible
 s - a ring of protection from cold (right hand)
 u - a ring of wizardry (left hand)
Wands
 o - a wand of random effects (13)
 y - a wand of flame (14)
Scrolls
 f - 9 scrolls of identify {unknown}
 g - 2 scrolls of teleportation {unknown}
 h - 3 scrolls of amnesia {unknown}
 j - 4 scrolls of remove curse {unknown}
 k - a scroll of enchant armour {unknown}
 m - a scroll of random uselessness {unknown}
 r - 2 scrolls of blinking {unknown}
Potions
 d - a potion of mutation {unknown}
 i - 2 potions of cancellation {unknown}
 n - a potion of flight {unknown}
 p - a potion of might
 q - a potion of curing {unknown}
 v - a potion of heal wounds {unknown}
 w - a potion of haste {unknown}
 x - a potion of magic {unknown}
 z - a potion of berserk rage {unknown}


   Skills:
 + Level 8.3 Fighting
 + Level 7.2 Axes
 - Level 3.2 Armour
 - Level 3.6 Shields


You had 7 spell levels left.
You didn't know any spells.
Your spell library was empty.

Dungeon Overview and Level Annotations

Branches:
Dungeon (5/15)             Temple (1/1) D:4

Altars:
Ashenzari
Dithmenos
Elyvilon
Fedhas
Gozag
Hepliaklqana
Makhleb
Okawaru
Qazlal
Ru
Sif Muna
Trog
Uskayaw
Vehumet
Xom
The Shining One


Innate Abilities, Weirdness & Mutations

You cannot be hasted, slowed, berserked, paralysed or teleported.
You can dig through walls and to a lower floor.
Your four strong arms can wield two-handed weapons with a shield.
You have a pair of large antennae on your head. (SInv)


Message History

You are too injured to fight recklessly!
You block the gnoll's attack.
The gnoll hits you from afar with a cursed +0 spear. [a] - 0 gold - [b] - 160 gold - might and brilliance [c] - 300 gold - resistance Purchase which effect?
You no longer have enough gold to petition Gozag for potion effects.
You feel very mighty all of a sudden.
You feel clever all of a sudden.
The gnoll hits you from afar with a +0 halberd!
* * * LOW HITPOINT WARNING * * *
The gnoll hits you with a +0 halberd!
* * * LOW HITPOINT WARNING * * *
You block the gnoll's attack.
Your shield and scale mail prevent you from hitting the gnoll.
The gnoll is heavily wounded.
You block the gnoll's attack.
The gnoll hits you from afar with a cursed +0 spear.
You die...
Your body crumbles into a pile of gold.

....##.#
##.....<).........
{ #..###.#
#......#####...#..
...###.# #......#
##.# #......#
#......# #
######## #.######
#.# #.# .# #.#####
##.### #...@.#
.....# #####g#
.....# #g# .....#
#g# .g...#
#####.##.....##
#......$g......
#.####.........
#$........
#.........


You could see 3 gnolls.

Vanquished Creatures
  A phantom (D:5)
  3 ogres (D:5)
  A scorpion (D:5)
  2 bullfrog zombies (D:5)
  4 orc priests
  A jelly (D:5)
  A bullfrog skeleton (D:4)
  2 hounds (D:5)
  5 orc wizards
  Ijyb (D:3)
  An iguana (D:4)
  3 worker ants
  8 adders
  4 gnolls (D:3)
  A shadow imp (D:5)
  A white imp (D:5)
  An ufetubus (D:5)
  4 oozes
  An adder skeleton (D:4)
  An adder zombie (D:4)
  5 worms
  2 dart slugs
  20 orcs
  2 bats
  4 giant cockroaches
  8 hobgoblins
  2 quokkas
  A ball python (D:2)
  10 frilled lizards
  6 goblins
  4 kobolds
  A leopard gecko skeleton (D:5)
  5 rats
116 creatures vanquished.

Notes
Turn   | Place    | Note
-------+----------+-------------------------------------------
     0 | D:1      | DogServant the Formicid Fighter began the quest for the
                  | Orb.
     0 | D:1      | Reached XP level 1. HP: 18/18 MP: 1/1
   365 | D:1      | Reached XP level 2. HP: 24/24 MP: 2/2
   699 | D:2      | Reached XP level 3. HP: 28/30 MP: 3/3
   703 | D:2      | Reached skill level 4 in Fighting
   897 | D:2      | Found a blossoming altar of Fedhas.
   969 | D:2      | Reached XP level 4. HP: 26/38 MP: 4/4
  1335 | D:3      | Reached XP level 5. HP: 25/43 MP: 5/5
  1710 | D:3      | Found a hazy altar of Hepliaklqana.
  1808 | D:3      | Noticed Ijyb
  1821 | D:3      | Killed Ijyb
  1821 | D:3      | Reached skill level 5 in Fighting
  1994 | D:3      | Reached XP level 6. HP: 39/51 MP: 6/6
  2394 | D:4      | HP: 1/52 [orc/+0 trident (3)]
  2615 | D:4      | Reached skill level 6 in Fighting
  2773 | D:4      | Reached skill level 5 in Axes
  2773 | D:4      | Reached XP level 7. HP: 40/58 MP: 7/7
  2923 | D:4      | Found a staircase to the Ecumenical Temple.
  2930 | Temple   | Entered the Ecumenical Temple
  3234 | Temple   | Became a worshipper of Gozag Ym Sagoz the Greedy
  3575 | D:4      | Found a bloodstained altar of Trog.
  3843 | D:5      | Entered Level 5 of the Dungeon
  4253 | D:5      | Reached skill level 7 in Fighting
  4331 | D:5      | Reached XP level 8. HP: 51/67 MP: 8/8
  5426 | D:5      | Found a shimmering blue altar of Sif Muna.
  5532 | D:5      | Reached skill level 8 in Fighting
  5854 | D:5      | HP: 3/69 [gnoll/+0 halberd (16)]
  5855 | D:5      | Slain by a gnoll

Illustrated notes

Levels and vault maps discovered:
D:1:      psy_arrival_spokes, layout_basic
D:2:      layout_basic, nicolae_overflow_crystal_walls, minmay_circle_x
D:3:      layout_rooms, overflow_temple_1_default, uniq_ijyb
D:4:      layout_basic, lemuel_doored_altar, minmay_temple_entry_nine_rooms
D:5:      layout_loops_cross, lemuel_coloured_pillars_altar
Temple:   minmay_temple_bridge_abc

Skill      XL: |  1  2  3  4  5  6  7  8 |
---------------+-------------------------+-----
Fighting       | 4 5 6 7 8 |  8.3
Axes           | 3 4 5 6 7 |  7.2
Armour         | |  3.2
Shields        | |  3.6

Action                   |  1- 3 |  4- 6 |  7- 9 || total
-------------------------+-------+-------+-------++-------
Melee: War axe           |    97 |   161 |    91 ||   349
       Hand axe          |       |       |   105 ||   105
Invok: Potion Petition   |       |       |     1 ||     1
  Use: Potion            |       |     1 |       ||     1
Armor: Scale mail        |    29 |    58 |    55 ||   142
Dodge: Dodged            |    36 |    52 |    58 ||   146
Block: Kite shield       |    44 |    80 |    96 ||   220

Table legend: (Time is in decaauts)
 A = Elapsed time spent in this place.
 B = Non-inter-level travel time spent in this place.
 C = Inter-level travel time spent in this place.
 D = Time resting spent in this place.
 E = Time spent auto-exploring this place.
 F = Levels seen in this place.
 G = Mean time per level.
                   A        B        C        D        E       F      G
               +--------+--------+--------+--------+--------+-----+--------+
         Total |   5980 |   5816 |    164 |   1503 |   3180 |   6 |  996.7 |
       Dungeon |   5654 |   5527 |    127 |   1503 |   3024 |   5 | 1130.8 |
        Temple |    325 |    288 |     37 |      0 |    156 |   1 |  325.0 |
               +--------+--------+--------+--------+--------+-----+--------+

Top non-repeatable levels by time:
     D:5: 2024 daAuts
     D:4: 1172 daAuts
     D:3: 1151 daAuts
     D:1: 699 daAuts
     D:2: 606 daAuts
  Temple: 325 daAuts
